 Dungeon Sprint DCSS version 0.18.1-50-g88ac8fd (webtiles) character file.

5687 Inkary the Brawler (level 10, -2/115 HPs)
             Began as a Troll Berserker on Sept 18, 2016.
             Was the Champion of Trog.
             Slain by a giant leech (33 damage)
             ... in the Dungeon (Sprint IX: "|||||||||||||||||||||||||||||").
             The game lasted 00:03:27 (494 turns).

Inkary the Brawler (Troll Berserker)                 Turns: 494, Time: 00:03:27

Health: -2/115     AC:  5    Str: 27    XL:     10   Next: 47%
Magic:  9/9        EV: 15    Int:  3    God:    Trog [******]
Gold:   0          SH:  0    Dex: 12    Spells: 0 memorised, 9 levels left

rFire  . . .     SeeInvis .       - Unarmed
rCold  . . .     Gourm    +     a - +0 animal skin
rNeg   . . .     Faith    .     (no shield)
rPois  .         Spirit   .     (helmet restricted)
rElec  .         Dismiss  .     (no cloak)
rCorr  .         Reflect  .     (gloves unavailable)
SustAt .         Harm     .     (boots unavailable)
MR     ++...     NoTele   +     (no amulet)
Stlth  +.........               (no ring)
                                (no ring)

@: exhausted, regenerating, slowed, very slow, very resistant to hostile
enchantments, very unstealthy
A: unfitting armour, claws 3, fast metabolism 3, gourmand, regeneration 2,
shaggy fur 1, tough skin 2
a: Berserk, Trog's Hand, Brothers in Arms, Burn Spellbooks, Renounce Religion


You were in the Dungeon.
You worshipped Trog.
Trog was exalted by your worship.
You were full.

You visited 1 branch

Inventory:

Hand Weapons
 m - the +3 war axe of the Scroll {flame, *Corrode rElec rC+}
   (You found it in the Dungeon)

   It has been specially enchanted to burn those struck by it, causing extra
   injury to most foes and up to half again as much damage against particularly
   susceptible opponents.
   Big, fiery blades are also staple armaments of hydra-hunters.
   It protects you from cold.
   It insulates you from electricity.
   It may corrode you when you take damage.
 s - a +2 triple crossbow of flaming
Armour
 a - a +0 animal skin (worn)
Jewellery
 n - a +2 ring of evasion
Wands
 l - a wand of acid (7/15)
Scrolls
 h - 2 scrolls of blinking
 k - 6 scrolls of remove curse
 p - 2 scrolls of enchant armour
 q - 2 scrolls of enchant weapon
 r - 2 scrolls of fear
Potions
 c - 6 potions of curing
 d - 5 potions of heal wounds
 e - 2 potions of haste
 f - 4 potions of magic
 g - 2 potions of berserk rage
 j - a potion of invisibility
 o - a potion of cure mutation
Comestibles
 b - 2 bread rations
 i - 12 chunks of flesh


   Skills:
 + Level 12.1 Fighting
 + Level 12.0 Dodging
 * Level 15.0 Unarmed Combat


You had 9 spell levels left.
You didn't know any spells.

Dungeon Overview and Level Annotations

Branches:
Dungeon (1/1)

Altars:
Cheibriados
Dithmenos
Elyvilon
Fedhas
Gozag
Kikubaaqudgha
Makhleb
Nemelex Xobeh
Okawaru
Pakellas
Qazlal
Ru
Sif Muna
Trog
Vehumet
Xom
Yredelemnul
Zin
The Shining One
Beogh
Jiyva
Lugonu


Innate Abilities, Weirdness & Mutations

You are too large for most types of armour.
You have claws for hands.
Your metabolism is lightning-fast.
You like to eat raw meat.
You heal very quickly.
You are covered in fur (AC +1).
You have very tough skin (AC +2).


Message History

The giant leech is lightly wounded.
The giant leech closely misses you.
You mangle the giant leech!!
The giant leech is heavily wounded.
You eviscerate the giant leech!!!
You kill the giant leech!
Trog accepts your kill. Something appears at your feet! Trog grants you a gift!
Your Unarmed Combat skill increases to level 15!
You are no longer berserk.
You are exhausted.
You feel yourself slow down. The giant leech barely misses you.
You mangle the giant leech!!
The giant leech is heavily wounded.
The giant leech completely misses you.
You miss the giant leech.
The giant leech is heavily wounded.
The giant leech bites you!!
You die...

▓▓▓▓▓▓▓▓▓▓▓▓▓▓▓▓▓▓▓▓▓▓▓▓
.....)%%(......)@w......
▓▓▓▓▓▓▓▓▓▓▓▓▓▓▓▓▓▓▓▓▓▓▓▓▓▓▓▓▓▓▓▓▓
.................................
▓▓▓▓▓▓▓▓▓▓▓▓▓▓▓▓▓▓▓▓▓▓▓▓▓▓▓▓▓▓▓▓▓
_____________'.?|)[([.=').)...)%.
▓▓▓▓▓▓▓▓▓▓▓▓▓▓▓▓▓▓▓▓▓▓▓▓▓▓▓▓▓▓▓▓▓


You could see a giant leech.

Vanquished Creatures
  2 hill giants (D)
  2 lindwurms (D)
  2 spiny frogs (D)
  A rime drake (D)
  A komodo dragon (D)
  4 giant leeches (D)
  2 shadows (D)
  A yak (D)
  A basilisk (D)
  A mottled dragon (D)
  2 water moccasins (D)
  3 porcupines (D)
  A wasp (D)
  A centaur (D)
  3 crocodiles (D)
  2 giant frogs (D)
  A jelly (D)
  A worker ant (D)
  A sheep (D)
  2 adders (D)
  A river rat (D)
  2 adder zombies (D)
  2 dart slugs (D)
  An orc (D)
  A bat skeleton (D)
  A giant cockroach (D)
  A jackal (D)
  A quokka (D)
  A kobold (D)
  A rat (D)
46 creatures vanquished.

Notes
Turn   | Place    | Note
--------------------------------------------------------------
     0 | D        | Inkary the Troll Berserker began the quest for the Orb.
     0 | D        | Reached XP level 1. HP: 22/22 MP: 0/0
    10 | D        | Reached ** piety under Trog
    20 | D        | Reached XP level 2. HP: 31/31 MP: 1/1
    38 | D        | Reached skill level 4 in Unarmed Combat
    40 | D        | Reached *** piety under Trog
    47 | D        | Reached XP level 3. HP: 35/39 MP: 2/2
    56 | D        | Found a glowing silver altar of Zin.
    56 | D        | Found a glowing golden altar of the Shining One.
    56 | D        | Found an ancient bone altar of Kikubaaqudgha.
    56 | D        | Found a basalt altar of Yredelemnul.
    56 | D        | Found a shimmering altar of Xom.
    56 | D        | Found a radiant altar of Vehumet.
    57 | D        | Found an iron altar of Okawaru.
    58 | D        | Found a burning altar of Makhleb.
    59 | D        | Found a deep blue altar of Sif Muna.
    60 | D        | Found a bloodstained altar of Trog.
    61 | D        | Found a sparkling altar of Nemelex Xobeh.
    62 | D        | Found a white marble altar of Elyvilon.
    63 | D        | Found a roughly hewn altar of Beogh.
    64 | D        | Found a viscous altar of Jiyva.
    65 | D        | Found a corrupted altar of Lugonu.
    66 | D        | Found a blossoming altar of Fedhas.
    67 | D        | Found a snail-covered altar of Cheibriados.
    68 | D        | Found a shadowy altar of Dithmenos.
    69 | D        | Found a stormy altar of Qazlal.
    70 | D        | Found an opulent altar of Gozag.
    71 | D        | Found a sacrificial altar of Ru.
    72 | D        | Found an oddly glowing altar of Pakellas.
    89 | D        | Got the +3 war axe of the Scroll {flame, *Corrode rElec rC+}
    98 | D        | Noticed a giant frog
    98 | D        | Noticed a hill giant
    98 | D        | Noticed a centaur
   107 | D        | Killed a giant frog
   107 | D        | Reached skill level 5 in Unarmed Combat
   107 | D        | Reached XP level 4. HP: 49/49 MP: 3/3
   112 | D        | Killed a hill giant
   112 | D        | Reached **** piety under Trog
   112 | D        | Reached skill level 9 in Unarmed Combat
   112 | D        | Reached XP level 5. HP: 49/63 MP: 4/4
   112 | D        | Reached XP level 6. HP: 56/72 MP: 5/5
   112 | D        | Reached XP level 7. HP: 62/79 MP: 6/6
   118 | D        | Reached skill level 10 in Unarmed Combat
   155 | D        | Noticed a hill giant
   155 | D        | Noticed a shadow
   155 | D        | Noticed a shadow
   159 | D        | Reached ***** piety under Trog
   161 | D        | Killed a hill giant
   161 | D        | Reached skill level 11 in Unarmed Combat
   161 | D        | Reached XP level 8. HP: 92/92 MP: 7/7
   300 | D        | Noticed a spiny frog
   300 | D        | Noticed a spiny frog
   303 | D        | Reached skill level 10 in Fighting
   305 | D        | Reached skill level 10 in Dodging
   308 | D        | Killed a spiny frog
   308 | D        | Reached skill level 12 in Unarmed Combat
   308 | D        | Reached XP level 9. HP: 62/101 MP: 8/8
   310 | D        | Killed a spiny frog
   310 | D        | Received a gift from Trog
   311 | D        | Noticed a rime drake
   329 | D        | Killed a rime drake
   329 | D        | Reached skill level 13 in Unarmed Combat
   411 | D        | Noticed a komodo dragon
   418 | D        | Reached ****** piety under Trog
   418 | D        | Received a gift from Trog
   432 | D        | Killed a komodo dragon
   436 | D        | Received a gift from Trog
   436 | D        | Reached XP level 10. HP: 114/114 MP: 9/9
   459 | D        | Noticed a lindwurm
   459 | D        | Noticed a lindwurm
   463 | D        | Killed a lindwurm
   463 | D        | Received a gift from Trog
   463 | D        | Reached skill level 14 in Unarmed Combat
   484 | D        | Killed a lindwurm
   491 | D        | Received a gift from Trog
   491 | D        | Reached skill level 15 in Unarmed Combat
   494 | D        | Slain by a giant leech

Skill      XL: |  1  2  3  4  5  6  7  8  9 10 |
---------------+-------------------------------+-----
Fighting       | 3 4 7 9 10 11 12 | 12.1
Dodging        | 3 4 7 9 10 11 12 | 12.0
Unarmed Combat | 4 5 9 11 12 13 15 | 15.0

Action                   |  1- 3 |  4- 6 |  7- 9 | 10-12 || total
-------------------------+-------+-------+-------+-------++-------
Melee: Unarmed           |    37 |     4 |    65 |    30 ||   136
       Punch             |       |     1 |    11 |       ||    12
Invok: Trog's Hand       |     1 |       |     4 |     1 ||     6
       Berserk           |     1 |       |     2 |     1 ||     4
  Eat: Chunk             |       |       |    12 |       ||    12
Armor: Animal skin       |     8 |       |     5 |     1 ||    14
Dodge: Dodged            |    13 |     1 |    20 |     7 ||    41
